 Dungeon Crawl Stone Soup version 0.29.1-15-g9cfb28693d (webtiles) character file.

Game seed: 7505116221460796783

66 Heoruswealwe the Magician (level 3, -1/19 HPs)
             Began as a Deep Elf Earth Elementalist on Apr 19, 2023.
             Was a Follower of Nemelex Xobeh.
             Succumbed to an adder's poison
             ... on level 2 of the Dungeon on Apr 20, 2023.
             The game lasted 00:09:51 (1225 turns).

Heoruswealwe the Magician (DEEE)                    Turns: 1225, Time: 00:09:51

Health: -1/19      AC:  5    Str:  5    XL:     3   Next: 96%
Magic:  11/11      EV: 12    Int: 21    God:    Nemelex Xobeh [*.....]
Gold:   79         SH:  0    Dex: 15    Spells: 5/11 levels left

rFire   + . .      SeeInvis .   g - staff of fire
rCold   . . .      Faith    .   (no shield)
rNeg    . . .      Spirit   .   a - +0 robe
rPois   .          Reflect  .   (no helmet)
rElec   .          Harm     .   d - +2 cloak
rCorr   .          Rampage  .   (no gloves)
Will    .....                   (no boots)
Stlth   ++........              (no amulet)
HPRegen 0.06/turn               (no ring)
MPRegen 0.12/turn               (no ring)

@: lethally poisoned (-1 -> -4)
A: no striking features
a: Renounce Religion, Draw Escape, Draw Destruction, Draw Summoning


You were on level 2 of the Dungeon.
You worshipped Nemelex Xobeh.
Nemelex Xobeh was aware of your devotion.
You visited 1 branch of the dungeon, and saw 2 of its levels.

You collected 79 gold pieces.

Inventory:

Armour
 a - a +0 robe (worn)
 d - a +2 cloak (worn)
 e - a +0 robe
 h - a +0 robe
Magical Staves
 g - a staff of fire (weapon)
Jewellery
 c - a +6 ring of dexterity
Scrolls
 j - a scroll of poison {unknown}
 k - 2 scrolls of identify {unknown}
 l - a scroll of magic mapping {unknown}
 p - a scroll of amnesia {unknown}
Potions
 b - 2 potions of magic
 f - a potion of curing {unknown}
 i - a potion of lignification {unknown}
 m - a potion of berserk rage {unknown}
 n - a potion of brilliance {unknown}
 o - 2 potions of haste {unknown}


   Skills:
 - Level 2.4 Dodging
 - Level 2.4 Stealth
 + Level 4.6 Spellcasting
 - Level 1.1 Transmutations
 + Level 4.4 Earth Magic


You had 5 spell levels left.
You knew the following spells:

 Your Spells              Type           Power      Damage    Failure   Level
a - Sandblast             Erth           46%        2d11      1%          1
b - Stone Arrow           Conj/Erth      28%        3d8       14%         3
z - Passwall              Tmut/Erth      13%        N/A       5%          2

Your spell library contained the following spells:

 Spells                   Type           Power      Damage    Failure   Level
 Petrify                  Tmut/Erth      16%        N/A       34%         4


Dungeon Overview and Level Annotations

Branches:
Dungeon (2/15)

Altars:
Nemelex Xobeh


Message History

You hit the bush.
The bush is lightly damaged.
You hit the bush but do no damage.
The bush is lightly damaged.
You hit the bush but do no damage.
The bush is lightly damaged.
The adder barely misses you.
You hit the bush but do no damage.
The bush is lightly damaged.
The adder barely misses you. The adder closely misses you.
You hit the bush but do no damage.
The bush is lightly damaged.
The adder bites you.
You hit the bush but do no damage.
The bush is lightly damaged.
The adder barely misses you. The adder closely misses you.
You hit the bush but do no damage.
The bush is lightly damaged.
The adder bites you. The adder closely misses you.
You hit the bush but do no damage.
The bush is lightly damaged.
The adder barely misses you.
You hit the bush but do no damage.
The bush is lightly damaged.
The adder bites you.
You are poisoned.
The adder poisons you! The adder bites you but does no damage.
You hit the bush but do no damage.
The bush is lightly damaged.
You feel sick. The adder closely misses you.
You hit the bush but do no damage.
The bush is lightly damaged.
You feel sick. The adder bites you.
* * * LOW HITPOINT WARNING * * *
The adder bites you.
* * * LOW HITPOINT WARNING * * *
You hit the bush but do no damage.
The bush is lightly damaged.
You die...
Your body disappears without a glow.

.### ... .. #. ..#
... #. ..# .......
#.##.# ..#
.......##....# ..#
............#.# ..#
.........#...#.#
..##........#......#
................@.#
...............PS.#
..................#
.#................#
.##...............#
..#...............#
..................#
.................##
.............###.#


You could see an adder.

Vanquished Creatures
  A gnoll (D:1)
  A worm (D:2)
  2 dart slugs
  3 ball pythons (D:1)
  6 endoplasms
  8 goblins
  6 hobgoblins
  3 jackals (D:2)
  5 bats (D:1)
  2 frilled lizards
  4 kobolds (D:1)
  4 rats
45 creatures vanquished.

Vanquished Creatures (others)
  16 plants (D:1)
16 creatures vanquished.

Grand Total: 61 creatures vanquished

Notes
Turn   | Place    | Note
-------+----------+-------------------------------------------
     0 | D:1      | Heoruswealwe the Deep Elf Earth Elementalist began the
                  | quest for the Orb.
     0 | D:1      | Reached XP level 1. HP: 10/10 MP: 6/6
   156 | D:1      | Reached XP level 2. HP: 15/15 MP: 5/8
   159 | D:1      | Learned a level 2 spell: Passwall
   280 | D:1      | Found a faded altar of an unknown god.
   281 | D:1      | Noticed a floating eye
   286 | D:1      | Noticed an eye of devastation
   286 | D:1      | Noticed a floating eye
   286 | D:1      | Noticed a golden eye
   349 | D:1      | Prayed at the altar of an unknown god.
   349 | D:1      | Became a worshipper of Nemelex Xobeh the Trickster
   349 | D:1      | Reached * piety under Nemelex Xobeh
   381 | D:1      | Reached XP level 3. HP: 19/19 MP: 7/10
   385 | D:1      | Learned a level 3 spell: Stone Arrow
  1032 | D:2      | Received a gift from Nemelex Xobeh
  1225 | D:2      | Succumbed to an adder's poison

Illustrated notes

Levels and vault maps discovered:
D:1:      tarquinn_simple_flora_water_a, layout_loops_ring,
          hellmonk_ecumenical_altar_watching_god
D:2:      layout_rooms, serial_park_tiny_1

Skill      XL: |  1  2 |
---------------+-------+-----
Spellcasting   | 4 |  4.6
Earth Magic    | 4 |  4.4
Dodging        | |  2.4
Stealth        | |  2.4
Transmutations | |  1.1

Action                   || total
-------------------------++-------
Melee: Unarmed           ||   180
       Punch             ||     2
       Staff             ||    33
 Cast: Sandblast         ||    50
       Passwall          ||     1
Armor: Robe              ||     2
Dodge: Dodged            ||    12
